 Dungeon Sprint DCSS version 0.30.1-4-g462c640d31 (webtiles) character file.

Game seed: 11009857591620478500

5000 Heoruswealwe the Ninja (level 10, -17/55 HPs)
             Began as a Spriggan Artificer on Sept 13, 2023.
             Was an Initiate of Gozag.
             Shot with an arrow by a centaur warrior (19 damage)
             ... in the Dungeon (Sprint I: "Red Sonja").
             The game lasted 00:11:13 (563 turns).

Heoruswealwe the Ninja (Spriggan Artificer)          Turns: 563, Time: 00:11:13

Health: -17/55     AC:  5    Str:  8    XL:     10   Next: 29%
Magic:  11/11      EV: 28    Int: 14    God:    Gozag
Gold:   373        SH:  0    Dex: 19    Spells: 9/9 levels left

rFire   . . .        a - +1 dagger (freeze)
rCold   . . .        (no shield)
rNeg    . . .        c - +0 robe
rPois   +            (helmet restricted)
rElec   .            f - +2 cloak {rPois}
rCorr   .            (gloves unavailable)
SInv    +            (boots unavailable)
Will    +....        (no amulet)
Stlth   ++++++++++   (no ring)
HPRegen 0.29/turn    (no ring)
MPRegen 0.12/turn

%: no teleportation
@: hasted, very quick
A: very small, no large weapons, unfitting armour, see invisible, speed 3
a: Renounce Religion, Potion Petition, Call Merchant, Bribe Branch


You were in the Dungeon.
You worshipped Gozag.
Gozag was aware of your devotion.
You visited 1 branch You collected 916 gold pieces.
You spent 514 gold pieces at shops.
You donated 29 gold pieces to Zin.

Inventory:

Hand Weapons
 a - a +1 dagger of freezing (weapon)
Armour
 c - a +0 robe (worn)
 f - a +2 cloak of poison resistance (worn)
Wands
 b - a wand of flame (18) (quivered)
 d - a wand of charming (15)
Scrolls
 e - a scroll of identify {unknown}
 j - a scroll of fog {unknown}
 k - a scroll of blinking
Potions
 g - 3 potions of heal wounds
 i - a potion of mutation {unknown}
 n - 4 potions of curing


   Skills:
 + Level 7.5 Fighting
 + Level 9.8 Short Blades
 * Level 13.3 Dodging
 O Level 27 Stealth
 - Level 4.0 Evocations


You had 9 spell levels left.
You didn't know any spells.
Your spell library contained the following spells:

 Spells                   Type           Power      Damage    Failure   Level
 Freeze                   Ice            0%         1d3       28%         1
 Summon Small Mammal      Summ           0%         N/A       28%         1
 Frozen Ramparts          Ice            0%         1d1       65%         3
 Hailstorm                Conj/Ice       0%         3d3       65%         3
 Freezing Cloud           Conj/Ice/Air   0%         6-21      100%        5
 Silence                  Hex/Air        0%         N/A       100%        5
 Summon Mana Viper        Hex/Summ       0%         N/A       100%        5


Dungeon Overview and Level Annotations

Branches:
Dungeon (1/1)

Altars:
Cheibriados
Dithmenos
Elyvilon
Fedhas
Gozag
Hepliaklqana
Kikubaaqudgha
Nemelex Xobeh
Okawaru
Qazlal
Ru
Sif Muna
Trog
Uskayaw
Vehumet
Wu Jian
Yredelemnul
Zin
The Shining One

Shops:
D [[(:[=[


Innate Abilities, Weirdness & Mutations

You are very small and have problems with some larger weapons.
You are too small for most types of armour.
You have supernaturally acute eyesight. (SInv)
You cover ground extremely quickly. (Speed+++)


Message History

The centaur warrior is lightly wounded.
The centaur warrior misses you. The centaur warrior kicks you.
You hit the centaur warrior. You freeze the centaur warrior.
The centaur warrior is lightly wounded.
The centaur warrior hits you! The centaur warrior misses you.
You hit the centaur warrior. You freeze the centaur warrior.
The centaur warrior is lightly wounded.
The centaur warrior hits you!
* * * LOW HITPOINT WARNING * * *
The centaur warrior completely misses you.
The centaur warrior wields a +0 longbow.
The centaur warrior shoots an arrow.
The arrow misses you.
Aiming: Throw Flame
Press: ? - help, Shift-Dir - straight line, f - centaur warrior
Aim: a centaur warrior (purple smoke, lightly wounded, 79% to hit)
The puff of flame hits the centaur warrior!
The centaur warrior is moderately wounded.
You are too injured to fight recklessly!
Aiming: Throw Flame
Press: ? - help, Shift-Dir - straight line, f/p - centaur warrior
Aim: a centaur warrior (moderately wounded, 79% to hit)
The puff of flame hits the centaur warrior.
The centaur warrior is moderately wounded.
The centaur warrior hits you!
* * * LOW HITPOINT WARNING * * *
The centaur warrior kicks you but does no damage.
You hit the centaur warrior but do no damage.
The centaur warrior is moderately wounded.
You hit the centaur warrior but do no damage.
You punch the centaur warrior.
The centaur warrior is moderately wounded.
The centaur warrior shoots an arrow.
The arrow completely misses you.
The centaur warrior closely misses you. x2
You hit the centaur warrior. You freeze the centaur warrior.
The centaur warrior is heavily wounded.
You hit the centaur warrior. You freeze the centaur warrior.
The centaur warrior is heavily wounded.
The centaur warrior shoots an arrow.
The arrow hits you!!
You die...
Your body crumbles into a pile of gold.

<.#..'..#.)'..# $$ $ $$
..)..#.)'..#..+ $$ $
..#####'#####'# ### $
..####..#...#.####§§# $
$
..#__####..##.#§§~§§#$$
$ ..#_____##'#_.+~~§§.+
$
⌠⌠#_.∩...'..)_#~c§§.#$$
$ ###_..__##_.#'##'###
$$#_____###'#.#.@c.###
$
###########.####'###.##
$
∩........'...'.....')∩#
$
##''''####...##########
$ $$ $ .......####.###


$$$$ ........#.#'#.# $ $$$$ ..#.....#.....# $ $$$$ ........#.[[..# $$$
.....#..####### You could see 2 centaur warriors.

Vanquished Creatures
  Sonja (D)
  A deep troll (D)
  8 shining eyes (D)
  Sigmund (D)
  A yak (D)
  4 floating eyes (D)
  An ogre (D)
  A jelly (D)
  Ijyb (D)
  A ballistomycete spore (D)
20 creatures vanquished.

Vanquished Creatures (others)
  A ballistomycete spore (D)
1 creature vanquished.

Grand Total: 21 creatures vanquished

Notes
Turn   | Place    | Note
-------+----------+-------------------------------------------
     0 | D        | Heoruswealwe the Spriggan Artificer began the quest for the
                  | Orb.
     0 | D        | Reached XP level 1. HP: 9/9 MP: 2/2
     1 | D        | Noticed Ijyb
     6 | D        | Killed Ijyb
     7 | D        | Reached skill level 9 in Stealth
     7 | D        | Reached XP level 2. HP: 14/14 MP: 3/3
    17 | D        | Noticed an ogre
    20 | D        | Killed an ogre
    21 | D        | Reached skill level 14 in Stealth
    21 | D        | Reached XP level 3. HP: 17/17 MP: 4/4
    21 | D        | Reached XP level 4. HP: 21/21 MP: 5/5
    29 | D        | Noticed Sigmund
    32 | D        | Killed Sigmund
    33 | D        | Reached skill level 18 in Stealth
    33 | D        | Reached XP level 5. HP: 25/25 MP: 6/6
    33 | D        | Reached XP level 6. HP: 29/29 MP: 7/7
    45 | D        | Found an ornate altar of the Wu Jian Council.
    45 | D        | Found a shimmering blue altar of Sif Muna.
    47 | D        | Found a radiant altar of Vehumet.
    52 | D        | Reached skill level 19 in Stealth
    56 | D        | Got the Encyclopedia of Gathered Gases
    82 | D        | Found Omuy's Book Emporium.
    82 | D        | Found an ancient bone altar of Kikubaaqudgha.
    82 | D        | Found a hazy altar of Hepliaklqana.
    82 | D        | Found a stormy altar of Qazlal.
    82 | D        | Found a hide-covered altar of Uskayaw.
    82 | D        | Found a blossoming altar of Fedhas.
    82 | D        | Found a bloodstained altar of Trog.
    82 | D        | Found an iron altar of Okawaru.
    82 | D        | Found a basalt altar of Yredelemnul.
    82 | D        | Found a glowing golden altar of the Shining One.
    82 | D        | Found a snail-covered altar of Cheibriados.
    82 | D        | Found a sacrificial altar of Ru.
    82 | D        | Found a glowing silver altar of Zin.
    82 | D        | Found a shadowy altar of Dithmenos.
    82 | D        | Found a white marble altar of Elyvilon.
    82 | D        | Noticed a yak
    83 | D        | Found an opulent altar of Gozag.
    84 | D        | Killed a yak
    85 | D        | Reached skill level 21 in Stealth
    85 | D        | Found a sparkling altar of Nemelex Xobeh.
    90 | D        | Became a worshipper of Zin the Law-Giver
    90 | D        | Reached * piety under Zin
    90 | D        | Reached ** piety under Zin
    90 | D        | Reached *** piety under Zin
    90 | D        | Reached **** piety under Zin
    90 | D        | Reached ***** piety under Zin
    90 | D        | Reached ****** piety under Zin
    99 | D        | Noticed Sonja
   104 | D        | Killed Sonja
   105 | D        | Reached skill level 25 in Stealth
   105 | D        | Reached XP level 7. HP: 32/32 MP: 8/8
   124 | D        | Found Achunwoy's Antique Armour Boutique.
   135 | D        | Noticed a shining eye
   135 | D        | Noticed a shining eye
   135 | D        | Noticed a shining eye
   135 | D        | Noticed a shining eye
   135 | D        | Noticed a shining eye
   135 | D        | Noticed a shining eye
   138 | D        | Reached skill level 1 in Fighting
   138 | D        | Reached skill level 1 in Short Blades
   138 | D        | Reached XP level 8. HP: 37/37 MP: 9/9
   138 | D        | Noticed a shining eye
   138 | D        | Noticed a shining eye
   142 | D        | Killed a shining eye
   145 | D        | Killed a shining eye
   146 | D        | Reached skill level 5 in Short Blades
   146 | D        | Reached XP level 9. HP: 46/46 MP: 10/10
   148 | D        | Reached skill level 26 in Stealth
   190 | D        | Killed a shining eye
   191 | D        | Reached skill level 5 in Fighting
   217 | D        | Killed a shining eye
   248 | D        | Killed a shining eye
   249 | D        | Reached skill level 10 in Dodging
   277 | D        | Killed a shining eye
   278 | D        | Reached skill level 27 in Stealth
   318 | D        | Killed a shining eye
   319 | D        | Reached XP level 10. HP: 53/53 MP: 11/11
   343 | D        | Killed a shining eye
   368 | D        | Fell from the grace of Zin
   368 | D        | Became a worshipper of Gozag Ym Sagoz the Greedy
   376 | D        | Noticed a deep troll
   380 | D        | Killed a deep troll
   391 | D        | Found Wefyext's Armour Emporium.
   464 | D        | Found Vanipha's Antique Armour Shoppe.
   464 | D        | Found Ogiullo's Antique Armour Shop.
   464 | D        | Found Ocaefyto's Antique Weapon Emporium.
   464 | D        | Found Feluachair's Jewellery Boutique.
   468 | D        | Bought a runed scarf for 152 gold pieces
   468 | D        | Bought a runed scarf for 152 gold pieces
   479 | D        | Bought a glowing cloak for 210 gold pieces
   537 | D        | Noticed a centaur warrior
   538 | D        | Noticed a centaur warrior
   559 | D        | HP: 1/55 [centaur warrior (14)]
   563 | D        | Shot with an arrow by a centaur warrior

Illustrated notes

Levels and vault maps discovered:
D:        dungeon_sprint_1 [red_sonja_temple_1, red_sonja_temple_small_1]

Skill      XL: |  1  2  3  4  5  6  7  8  9 10 |
---------------+-------------------------------+-----
Stealth        | 9 14 18 25 27 | 27.0
Fighting       | 1 4 6 7 |  7.5
Short Blades   | 1 5 9 |  9.8
Dodging        | 7 11 13 | 13.3
Evocations     | |  4.0

Action                     |  1- 3 |  4- 6 |  7- 9 | 10-12 || total
---------------------------+-------+-------+-------+-------++-------
  Melee: Dagger            |     1 |     3 |   158 |    45 ||   207
         Punch             |       |       |     1 |     3 ||     4
  Evoke: Wand              |     4 |     5 |       |     2 ||    11
    Use: Potion            |       |       |       |     1 ||     1
   Stab: Sleeping          |     1 |     3 |     6 |     2 ||    12
 Armour: Robe              |       |       |       |     6 ||     6
  Dodge: Dodged            |       |     2 |       |    25 ||    27
